 Dungeon Crawl Stone Soup version 0.21.0-3-g78d12a8 (webtiles) character file.

115 Dfrag the Firebug (level 4, 0/30 HPs)
             Began as a Demonspawn Fire Elementalist on Jan 10, 2018.
             Shot with a stone by a gnoll (9 damage)
             ... on level 2 of the Dungeon.
             The game lasted 00:02:09 (1127 turns).

Dfrag the Firebug (Demonspawn Fire Elementalist)    Turns: 1127, Time: 00:02:10

Health: 0/30       AC:  3    Str: 12    XL:     4   Next: 68%
Magic:  2/8        EV: 12    Int: 17    God:
Gold:   28         SH:  0    Dex: 13    Spells: 8/9 levels left

rFire    + . .     SeeInvis .   (no weapon)
rCold    + . .     Gourm    .   (no shield)
rNeg     . . .     Faith    .   a - +0 robe
rPois    .         Spirit   .   (helmet restricted)
rElec    .         Reflect  .   i - +0 cloak
rCorr    .         Harm     .   (no gloves)
MR       .....                  (no boots)
Stlth    ++........             (no amulet)
HPRegen  0.10/turn              d - +3 ring of strength
MPRegen  0.11/turn              m - ring of protection from fire

@: no status effects
A: horns 2, cold resistance 1
a: no special abilities


You were on level 2 of the Dungeon.
You were not hungry.

You visited 1 branch of the dungeon, and saw 2 of its levels.

You collected 28 gold pieces.

Inventory:

Armour
 a - a +0 robe (worn)
 i - a +0 cloak (worn)
Jewellery
 d - a +3 ring of strength (left hand)
 m - a ring of protection from fire (right hand)
Scrolls
 e - a scroll of magic mapping {unknown}
 f - a scroll of teleportation {unknown}
 g - 3 scrolls of identify {unknown}
 j - a scroll of enchant armour {unknown}
 n - a scroll of fog {unknown}
Potions
 h - 2 potions of brilliance {unknown}
 k - a potion of mutation {unknown}
 l - a potion of curing
Books
 b - a book of Flames

   Spells                             Type                      Level
   a - Flame Tongue                   Conjuration/Fire             1
   b - Throw Flame                    Conjuration/Fire             2
   c - Conjure Flame                  Conjuration/Fire             3
   d - Inner Flame                    Hexes/Fire                   3
   e - Sticky Flame                   Conjuration/Fire             4
   f - Fireball                       Conjuration/Fire             5
Comestibles
 c - 5 rations


   Skills:
 - Level 1.7 Dodging
 - Level 1.7 Stealth
 + Level 3.1 Spellcasting
 + Level 2.6 Conjurations
 + Level 3.6 Fire Magic


You had 8 spell levels left.
You knew the following spells:

 Your Spells              Type           Power        Failure   Level  Hunger
a - Flame Tongue          Conj/Fire      ##...        4%          1    None


Dungeon Overview and Level Annotations

Branches:
Dungeon (2/15)

Altars:

Annotations:
D:2 Sigmund


Innate Abilities, Weirdness & Mutations

You have a pair of horns on your head.
Your flesh is cold resistant. (rC+)


Message History

Casting: Flame Tongue
Confirm with . or Enter, or press ? or * to list all spells.
You can't see any susceptible monsters within range! (Use Z to cast anyway.)
Casting: Flame Tongue
Confirm with . or Enter, or press ? or * to list all spells.
Aiming: Flame Tongue
Press: ? - help, Shift-Dir - straight line, f - gnoll
Aim: a gnoll, wielding an enchanted hunting sling The flame tongue hits the gnoll.
The gnoll is heavily wounded.
The gnoll shoots a stone.
The stone barely misses you.
Casting: Flame Tongue
Confirm with . or Enter, or press ? or * to list all spells.
Aiming: Flame Tongue
Press: ? - help, Shift-Dir - straight line, f/p - gnoll
Aim: a gnoll, wielding an enchanted hunting sling (heavily wounded)
The flame tongue hits the gnoll.
The gnoll appears unharmed.
The gnoll is heavily wounded.
The gnoll shoots a stone.
The stone hits you!
You die...

##################
...............((#
################@# #.# #.#
################g### #####
.........g.....gg.># #...
.#.#.....#######.#.######.##
...#...........#.#.#.......#
.###.#..)#####.#.#.#.##....#
.# #.#.........#...........#


You could see 2 gnolls and a hobgoblin.

Vanquished Creatures
  A jelly (D:2)
  5 gnolls (D:2)
  An adder (D:2)
  6 bats
  2 giant cockroaches
  A goblin (D:2)
  4 hobgoblins (D:1)
  4 kobolds
  A quokka (D:2)
  3 frilled lizards
  7 rats
35 creatures vanquished.

Notes
Turn   | Place    | Note
-------+----------+-------------------------------------------
     0 | D:1      | Dfrag the Demonspawn Fire Elementalist began the quest for the Orb.
     0 | D:1      | Reached XP level 1. HP: 13/13 MP: 3/3
   117 | D:1      | Gained mutation: You have a pair of small horns on your head. [demonic ancestry]
   117 | D:1      | Reached XP level 2. HP: 8/19 MP: 1/5
   646 | D:2      | Noticed Sigmund
   827 | D:2      | Gained mutation: You have a pair of horns on your head. [demonic ancestry]
   827 | D:2      | Reached XP level 3. HP: 17/24 MP: 0/7
   973 | D:2      | Gained mutation: Your flesh is cold resistant. (rC+) [demonic ancestry]
   973 | D:2      | Reached XP level 4. HP: 30/30 MP: 0/8
  1127 | D:2      | Shot with a stone by a gnoll

Skill      XL: |  1  2  3  4 |
---------------+-------------+-----
Fire Magic     | 3 |  3.6
Conjurations   | 2 |  2.6
Spellcasting   | 3 |  3.1
Dodging        | |  1.7
Stealth        | |  1.7

Action                   |  1- 3 |  4- 6 || total
-------------------------+-------+-------++-------
Melee: Unarmed           |    34 |    13 ||    47
       Headbutt          |     4 |     2 ||     6
 Cast: Flame Tongue      |    45 |    12 ||    57
  Eat: Chunk             |       |     1 ||     1
Armor: Robe              |    15 |     1 ||    16
Dodge: Dodged            |    42 |    18 ||    60
